 Dungeon Crawl Stone Soup version 0.32-a0-711-g016ad743e0 (webtiles) character file.

Game seed: 7132731819462192826

452 Griffin23 the Shield-Bearer (level 6, 0/56 HPs)
             Began as a Minotaur Fighter on Mar 15, 2024.
             Succumbed to a hornet's poison
             ... on level 4 of the Dungeon.
             The game lasted 00:07:15 (3566 turns).

Griffin23 the Shield-Bearer (Minotaur Fighter)      Turns: 3566, Time: 00:07:15

Health: 0/56       AC: 14    Str: 22    XL:     6   Next: 75%
Magic:  5/5        EV:  7    Int:  5    God:
Gold:   143        SH:  4    Dex: 10    Spells: 5/5 levels left

rFire   + . .        a - +0 long sword
rCold   + . .        c - +0 buckler
rNeg    . . .        y - +0 chain mail
rPois   .            t - +2 hat
rElec   .            h - scarf {rC+ rF+}
rCorr   .            j - +0 pair of gloves
SInv    .            r - +0 pair of boots
Will    .....        (no amulet) Stlth
                     (no ring)
HPRegen 0.29/turn    (no ring)
MPRegen 0.09/turn

%: no passive effects
@: lethally poisoned (0 -> -9), slowed, very slow
A: horns 2, retaliatory headbutt
a: no special abilities


You were on level 4 of the Dungeon.
You visited 1 branch of the dungeon, and saw 4 of its levels.

You collected 143 gold pieces.

Inventory:

Hand Weapons
 a - a +0 long sword (weapon)
Armour
 b - a +0 scale mail
 c - a +0 buckler (worn)
 f - a scarf of repulsion
 h - a scarf of resistance (worn)
 i - a scarf of shadows
 j - a +0 pair of gloves (worn)
 q - a +0 cloak
 r - a +0 pair of boots (worn)
 t - a +2 hat (worn)
 y - a +0 chain mail (worn)
Scrolls
 d - 3 scrolls of blinking {unknown}
 g - a scroll of brand weapon {unknown}
 l - a scroll of vulnerability
 m - a scroll of noise {unknown}
 o - a scroll of revelation {unknown}
 s - a scroll of fear {unknown}
 u - a scroll of enchant armour {unknown}
 v - a scroll of enchant weapon {unknown}
 x - a scroll of identify
Potions
 e - a potion of berserk rage {unknown}
 p - a potion of haste {unknown}
 w - a potion of mutation {unknown}


   Skills:
 + Level 5.4 Fighting
 * Level 5.4 Long Blades
 + Level 5.3 Armour
 + Level 5.4 Shields


You had 5 spell levels left.
You didn't know any spells.
Your spell library contained the following spells:

 Spells                   Type           Power      Damage    Failure   Level
 Necrotise                Necr           0%         1d4       98%         1
 Vampiric Draining        Necr           0%         2d6       100%        3
 Martyr's Knell           Necr/Summ      0%         N/A       100%        4
 Curse of Agony           Necr           0%         N/A       100%        5


Dungeon Overview and Level Annotations

Branches:
Dungeon (4/15)
 Temple: D:4-7

Altars:
Trog

Portals:
Abyss: D:3

Annotations:
D:3 2 transporters, DiddlyDoom's ghost, amateur GrEE


Innate Abilities, Weirdness & Mutations

You have a pair of horns on your head.
You reflexively headbutt those who attack you in melee.


Message History

You barely miss the hornet.
The hornet is moderately wounded.
You feel yourself speed up. The hornet stings you!
You are poisoned.
You feel yourself slow down. The hornet stings you.
You suddenly lose the ability to move!
The hornet stings you.
You are more poisoned.
You feel as though you will be slow longer.
You can move again.
You hit the hornet but do no damage.
The hornet is moderately wounded.
You feel extremely sick. The hornet stings you!
You are lethally poisoned!
You shrug off the repeated paralysis!
You block the hornet's attack.
You feel better.
The hornet stings you but does no damage. x2
The hornet closely misses you. You furiously retaliate!
You headbutt the hornet.
You are too injured to fight recklessly!
You hit the hornet. You headbutt the hornet.
The hornet is severely wounded.
The hornet misses you. The hornet stings you!
* * * LOW HITPOINT WARNING * * *
You feel as though you will be slow longer.
You hit the hornet but do no damage.
The hornet is severely wounded.
You feel yourself speed up. The hornet closely misses you.
You block the hornet's attack.
You hit the hornet but do no damage. Your headbutt misses the hornet.
The hornet is severely wounded.
The hornet stings you.
* * * LOW HITPOINT WARNING * * *
You feel yourself slow down. The hornet stings you!
* * * LOW HITPOINT WARNING * * *
You are lethally poisoned!
You feel as though you will be slow longer.
It was a potion of magic.
Magic courses through your body.
You die...

.............+.......#
#.########
.......#######.......#
#......... .........#
######### ####..####
.......#.# ######.)...
.......#.# #....#.#...
.......#.#
#######.ßß.#.####
.......#.#
###....##.ßß.#.#...
...[...#.###
#..####.#....'...##
########...# #.@#
#.#)#####.... ...##......#
###yh##.#..# #....
...#.......# ..##.#..##
#.... ...#.......# #
###.####.# #....
...#.......# #..###.# #.#
##.#.
...#.......######?y#.# #.#
#.#.
......)....'....#?(#.####.#
#.##
##(#.......###.######....##
#.##
##.#.......###'###########
#.#.


You could see a hornet and a hound.

Vanquished Creatures
  An ogre (D:4)
  A bullfrog (D:4)
  2 hounds (D:4)
  A gnoll bouda (D:3)
  An orc wizard (D:4)
  3 gnolls
  5 adders
  A white imp (D:3)
  4 dart slugs
  11 orcs
  8 ball pythons
  4 bats
  12 endoplasms
  2 giant cockroaches
  7 goblins
  6 hobgoblins
  5 jackals
  7 kobolds
  4 quokkas (D:4)
  5 frilled lizards
  A rat (D:2)
91 creatures vanquished.

Vanquished Creatures (others)
  A ghoul (D:1)
  A demonspawn (D:1)
  A vine stalker (D:1)
  A troll (D:1)
  A formicid (D:1)
  A spriggan (D:1)
  2 nagas (D:1)
  A felid (D:1)
  A mummy (D:1)
  2 kobolds (D:1)
  9 tentacles (D:1)
21 creatures vanquished.

Grand Total: 112 creatures vanquished

Notes
Turn   | Place    | Note
-------+----------+-------------------------------------------
     0 | D:1      | Griffin23 the Minotaur Fighter began the quest for the Orb.
     0 | D:1      | Reached XP level 1. HP: 19/19 MP: 0/0
     0 | D:1      | Noticed a vine stalker
     0 | D:1      | Noticed a ghoul
     0 | D:1      | Noticed a formicid
     0 | D:1      | Noticed a felid
     0 | D:1      | Noticed a naga
     0 | D:1      | Noticed a spriggan
     0 | D:1      | Noticed a kraken
     0 | D:1      | Noticed a naga
     0 | D:1      | Noticed a troll
     0 | D:1      | Noticed a demonspawn
     3 | D:1      | Killed a spriggan
     4 | D:1      | Killed a naga
     6 | D:1      | Killed a naga
     7 | D:1      | Killed a vine stalker
     7 | D:1      | Killed a troll
    12 | D:1      | Killed a formicid
    12 | D:1      | Killed a ghoul
    17 | D:1      | Killed a demonspawn
    18 | D:1      | Killed a felid
   189 | D:1      | Reached XP level 2. HP: 27/27 MP: 1/1
  1004 | D:2      | Reached XP level 3. HP: 26/33 MP: 2/2
  1615 | D:3      | Reached XP level 4. HP: 40/40 MP: 3/3
  1647 | D:3      | Found a transporter.
  1647 | D:3      | Found a transporter.
  1907 | D:3      | Found a one-way gate to the infinite horrors of the Abyss.
  1907 | D:3      | Noticed DiddlyDoom's ghost (amateur GrEE)
  1963 | D:3      | Noticed a small abomination
  2166 | D:3      | Reached XP level 5. HP: 5/47 MP: 4/4
  2768 | D:4      | Reached skill level 5 in Fighting
  2768 | D:4      | Reached skill level 5 in Armour
  2768 | D:4      | Reached skill level 5 in Shields
  2768 | D:4      | Reached XP level 6. HP: 56/56 MP: 5/5
  2803 | D:4      | Reached skill level 5 in Long Blades
  3355 | D:4      | Found a bloodstained altar of Trog.
  3529 | D:4      | Noticed a hornet
  3560 | D:4      | Paralysed by a hornet for 1 turns
  3566 | D:4      | Succumbed to a hornet's poison

Illustrated notes

Levels and vault maps discovered:
D:1:      nicolae_arrival_kraken_aquarium_a, layout_loops_corners
D:2:      layout_basic
D:3:      layout_rooms, gammafunk_ghost_abyssal_escape
D:4:      minmay_chambers_of_fours, layout_basic, trog_butcher_becter,
          kennysheep_small_circle

Skill      XL: |  1  2  3  4  5  6 |
---------------+-------------------+-----
Fighting       | 4 5 |  5.4
Armour         | 4 5 |  5.3
Shields        | 4 5 |  5.4
Long Blades    | 3 4 5 |  5.4

Action                     |  1- 3 |  4- 6 || total
---------------------------+-------+-------++-------
  Melee: Long sword        |    88 |   171 ||   259
         Headbutt          |    11 |    24 ||    35
    Use: Scroll            |       |     4 ||     4
         Potion            |       |     4 ||     4
 Armour: Scale mail        |    77 |   141 ||   218
         Chain mail        |       |    28 ||    28
  Dodge: Dodged            |    45 |    72 ||   117
  Block: Buckler           |    30 |    49 ||    79

Table legend: (Time is in decaauts)
 A = Elapsed time spent in this place.
 B = Non-inter-level travel time spent in this place.
 C = Inter-level travel time spent in this place.
 D = Time resting spent in this place.
 E = Time spent auto-exploring this place.
 F = Levels seen in this place.
 G = Mean time per level.
                   A        B        C        D        E       F      G
               +--------+--------+--------+--------+--------+-----+--------+
         Total |   3635 |   3322 |    313 |    154 |   2383 |   4 |  908.8 |
       Dungeon |   3635 |   3322 |    313 |    154 |   2383 |   4 |  908.8 |
               +--------+--------+--------+--------+--------+-----+--------+

Top non-repeatable levels by time:
     D:4: 1302 daAuts
     D:1: 1027 daAuts
     D:3: 745 daAuts
     D:2: 559 daAuts
